[Event "8th Fischer Heraklion-GM 2022"]
[Site "Heraklion"]
[Date "2022.04.28"]
[Round "3.1"]
[White "Szwed, Jacek"]
[Black "Korneev, Oleg"]
[Result "1/2-1/2"]
[ECO "C47"]
[WhiteElo "2360"]
[BlackElo "2521"]
[Annotator "TA"]
[PlyCount "110"]
[EventDate "2022.04.18"]
[EventType "tourn"]
[EventCountry "GRE"]
[SourceTitle "playchess.com"]
[Source "ChessBase"]
[SourceQuality "1"]
[TimeControl "40/5400+30:1800+30"]

1. e4 e5 2. Nf3 Nc6 3. Nc3 Nf6 4. d4 exd4 5. Nxd4 Bb4 6. Nxc6 bxc6 7. Bd3 O-O 8. O-O d5 9. exd5 {[%emt 0:00:14] C47: Scotch Four Knights and Four Knights with 4 g3.} Bg4 10. f3 Bh5 11. dxc6 Qd4+ 12. Kh1 Bxc3 13. bxc3 Qxc3 14. Bf4 Qxc6 15. Qe2 a6 {[%emt 0:00:06] Inhibits Bb5.} 16. Qe5 Bg6 17. Qxc7 Qxc7 (17... Qa4 {is more complex.} 18. Be5 Nd5 19. Qc5 Rfd8) 18. Bxc7 Rfc8 {[%emt 0:00:53] [#]} 19. Ba5 $146 ({Predecessor:} 19. Bg3 Bxd3 20. cxd3 Rc2 21. a4 h6 22. h4 Rd8 23. Rfc1 Re2 24. Ra3 Nd5 25. Re1 Rxe1+ 26. Bxe1 {½-½ (39) Grischuk,A (2742)-Vidit,S (2723) Chess.com INT 2022}) 19... Rc5 20. Bb4 Bxd3 21. cxd3 Rb5 22. Ba3 Rd8 23. Rac1 h6 24. Rfd1 Ra5 25. Be7 Rd7 ({Black should try} 25... Rd4 $14) 26. Rc8+ Kh7 27. Bxf6 {[%emt 0:00:01] White is more active.} gxf6 $16 {[%emt 0:00:20][%mdl 4096] Endgame KRR-KRR} 28. Rc2 Rd4 29. Kg1 Ra3 30. Rcd2 Rda4 (30... f5 $14) 31. d4 {[%emt 0:02:30][%cal Bd3d4,Bd4d5,Bd5d6,Bd6d7][%mdl 32] [#] aiming for d5.} Rxa2 32. Rxa2 ({Better is} 32. d5 {d6 would kill now.} Rxd2 33. Rxd2) 32... Rxa2 {[%emt 0:00:10] KR-KR} 33. d5 Rb2 34. d6 {[%emt 0:00:30] Threatening mate with d7.} Rb8 35. Kf2 Kg6 {[%emt 0:23:52] [#]} (35... Kg7 $14) 36. Rd5 ({White should play} 36. Ke3 $1 Kf5 37. d7) 36... Kg7 37. d7 Rd8 38. Rd6 a5 39. Ke3 a4 40. Kd4 a3 {[%emt 0:00:00] The position is equal.} 41. Kc3 Kf8 42. Rxf6 (42. Kd3 {is interesting.} Ke7 43. Ra6 Rxd7+ 44. Ke2) 42... Rxd7 {[%emt 0:00:10] Hoping for ...Ra7.} 43. Ra6 {[%emt 0:00:02] Prevents Ra7.} (43. Rxh6 Ra7 44. Rh8+ Ke7 $19) 43... Re7 44. Kd2 Rb7 $1 45. Ke3 Rb2 46. Rxa3 Rxg2 47. h4 Rh2 48. Ra4 f6 49. Rf4 Kg7 50. Ke4 Kg6 51. Rg4+ Kf7 52. Kf5 Rf2 53. Kf4 Rh2 54. Kg3 Rh1 55. Kg2 Ra1 {[%emt 0:00:17] Weighted Error Value: White=0.07 (flawless) /Black=0.06 (flawless)} 1/2-1/2

[Event "8th Fischer Heraklion-GM 2022"]
[Site "Heraklion"]
[Date "2022.04.28"]
[Round "3.2"]
[White "Nikolaidis, Ioannis"]
[Black "Mitsis, Georgios"]
[Result "1/2-1/2"]
[ECO "D20"]
[WhiteElo "2536"]
[BlackElo "2344"]
[Annotator "TA"]
[PlyCount "21"]
[EventDate "2022.04.18"]
[EventType "tourn"]
[EventCountry "GRE"]
[SourceTitle "playchess.com"]
[Source "ChessBase"]
[SourceQuality "1"]
[TimeControl "40/5400+30:1800+30"]

1. d4 d5 2. c4 dxc4 3. e4 Nf6 4. e5 Nd5 5. Bxc4 Nb6 6. Bb3 Nc6 7. Nf3 Bg4 8. Ng5 Bxd1 9. Bxf7+ Kd7 10. Be6+ Ke8 {[%emt 0:00:10] [#] An even fight not without its subleties. D20: Queen's Gambit Accepted: 3 e3 and 3 e4.} {Predecessor:} 11. Bf7+ $146 1/2-1/2

[Event "8th Fischer Heraklion-GM 2022"]
[Site "Heraklion"]
[Date "2022.04.28"]
[Round "3.3"]
[White "Materia, Marco"]
[Black "Milikow, Yoav"]
[Result "0-1"]
[ECO "A50"]
[WhiteElo "2398"]
[BlackElo "2383"]
[Annotator "TA"]
[PlyCount "70"]
[EventDate "2022.04.18"]
[EventType "tourn"]
[EventCountry "GRE"]
[SourceTitle "playchess.com"]
[Source "ChessBase"]
[SourceQuality "1"]
[TimeControl "40/5400+30:1800+30"]

1. d4 Nf6 2. c4 e6 3. Bf4 d5 4. cxd5 Nxd5 5. Bg3 c5 6. e4 {[%emt 0:00:06] A50: Queen's Fianchetto Defence (1 d4 Nf6 2 c4 b6).} Nf6 7. Nd2 cxd4 {[%emt 0:01:21] [#]} 8. e5 $146 {[%emt 0:01:47] The position is equal.} ({Predecessor:} 8. Ngf3 Nc6 9. e5 Nh5 10. Bd3 Be7 11. O-O O-O 12. a3 Bd7 13. Qe2 Nxg3 14. hxg3 {1-0 (28) Mendonca,L (2536)-Lei,T (2505) chess24.com INT 2021}) 8... Nd5 9. Ngf3 Nc6 10. a3 Be7 11. Rc1 O-O 12. Bd3 f5 {[%emt 0:02:08] ...f4 is the strong threat.} 13. exf6 $1 gxf6 14. Rxc6 {[%emt 0:15:38][%mdl 64] Remove Defender} bxc6 15. Nxd4 Qe8 16. Qg4+ Kh8 17. Qh3 f5 18. N2f3 (18. O-O $15) 18... Bf6 19. Ne5 (19. O-O $142) 19... a5 (19... Rg8 $142 {Threatens to win with ...Rg5.} 20. Ndf3 a5) 20. O-O $17 Ra7 21. Be2 $2 (21. Ndf3 $17) 21... Rg8 $2 (21... Rg7 $19 {has better winning chances. aiming for ...f4.} 22. f4 Qd8) 22. Bh5 Qf8 23. Kh1 $2 (23. Ndxc6 $17 Rag7 24. Bf3) 23... f4 $19 24. Ndxc6 {[%emt 0:05:29] [#]} (24. Bh4 $142 Bxe5 25. Nxc6) 24... fxg3 $1 25. Nxa7 {[%emt 0:02:31] Strongly threatening Nf7+.} Bxe5 26. Nxc8 Qxc8 27. hxg3 Rf8 {[%emt 0:01:24] Inhibits Bf7.} ({Wrong is} 27... Bxb2 $2 28. Bf7 Rf8 29. Bxe6 $19) 28. Bg6 Qd7 29. b3 Ne3 30. Re1 $2 {[%emt 0:00:21] [#]} (30. Qh6 {nothing else works.} Qg7 31. Qxe3) 30... Nd1 $1 31. Qh5 (31. Rxd1 Qxd1+) 31... Nxf2+ 32. Kh2 Rf6 33. Qg5 (33. Rxe5 $19 Rxg6 34. Rg5) 33... hxg6 {[%emt 0:01:26] Black mates.} 34. Kg1 Bd4 35. Qh4+ Kg7 {[%emt 0:00:31] Weighted Error Value: White=0.83/Black=0.30} 0-1

[Event "8th Fischer Heraklion-GM 2022"]
[Site "Heraklion"]
[Date "2022.04.28"]
[Round "3.4"]
[White "Kapnisis, Spyridon"]
[Black "Jahncke, Giso"]
[Result "1-0"]
[ECO "C45"]
[WhiteElo "2450"]
[BlackElo "2326"]
[Annotator "TA"]
[PlyCount "73"]
[EventDate "2022.04.18"]
[EventType "tourn"]
[EventCountry "GRE"]
[SourceTitle "playchess.com"]
[Source "ChessBase"]
[SourceQuality "1"]
[TimeControl "40/5400+30:1800+30"]

1. e4 e5 2. Nf3 Nc6 3. d4 exd4 4. Nxd4 Nf6 5. Nxc6 bxc6 6. Bd3 d5 7. exd5 cxd5 8. O-O Be7 9. c4 O-O {[%emt 0:02:47] The main line 9...0-0 scores better than 9...d4.} 10. Nc3 {[%emt 0:00:40] C45: Scotch Game.} Bb7 11. Qb3 Rb8 12. cxd5 {[%emt 0:09:53] [#] The position is equal.} Bd6 $146 ({Predecessor:} 12... Bxd5 13. Qc2 Ba8 14. Re1 Re8 15. Be3 Qc8 16. f3 Qb7 17. Re2 Bd6 18. Ne4 Nxe4 19. Bxe4 {1-0 (34) Pechac,J (2544)-Nikolov,M (2522) Thessaloniki 2021}) 13. Qc2 ({Of course not} 13. Bg5 Bxh2+ $1 14. Kxh2 Ng4+ 15. Kg1 Qxg5 $15) 13... h6 14. Ne4 Be5 15. Rd1 Bxd5 (15... Qxd5 $2 16. Nxf6+ Bxf6 17. Bh7+ Kh8 18. Rxd5 $18) (15... Nxd5 $15 16. Nc5 Bc8) 16. Nc3 c6 17. Nxd5 cxd5 18. Rb1 Qa5 19. b4 Qb6 (19... Rxb4 $2 20. Bd2 Bd6 21. Rb3 $18 (21. Bxb4 Bxb4 22. g3 Rb8 $16) (21. a3 Qxa3 22. Bxb4 Bxb4 $16)) 20. Re1 Rbc8 21. Qd1 Qd6 22. g3 Bc3 23. Bf4 Qd7 24. Re2 d4 25. Re5 {[%emt 0:00:46] Black must now prevent Bf5.} Qb7 26. Rb5 Qc6 {[%emt 0:02:18] [#]} (26... Qa8 $1 $14) 27. Rc5 (27. Ra5 $1 $16 ) 27... Qb7 28. Rb5 {[%emt 0:00:06] White is more active.} Qc6 29. Rc5 Qb7 30. Rf5 ({Better is} 30. Qf1 $14) 30... Rfe8 $11 {[%emt 0:06:25] aiming for ...Re1+.} 31. Qf1 $36 {[%emt 0:00:06][%cal Of5f6][%mdl 2048] Against Re1. And now Rxf6! would win. White has the initiative.} Re7 $2 {[%emt 0:07:04] Black cannot hold the game after this.} (31... Re6 $1 $11 {and Black is okay.}) 32. Ba6 $18 {[%emt 0:01:42] This bishop pair is nice.} Qd7 33. Bxc8 Qxc8 34. Rc5 Qg4 35. Qd3 {[%emt 0:00:42] Prevents Qf3.} g6 $2 (35... Re8 36. Ra5 Qd7) 36. Be5 (36. Rxc3 $142 dxc3 37. Qd8+ Re8 38. Qxf6) 36... Ne4 $2 {[%emt 0:00:50] [#]} (36... Nd7 37. Rc8+ Nf8) 37. Qxe4 $3 {[%emt 0:00:21][%mdl 512] Weighted Error Value: White=0.26 (precise) /Black=0.35} 1-0

[Event "8th Fischer Heraklion-GM 2022"]
[Site "Heraklion"]
[Date "2022.04.28"]
[Round "3.5"]
[White "Vaishali R"]
[Black "Samaridis, Konstantinos"]
[Result "1-0"]
[ECO "A48"]
[WhiteElo "2411"]
[BlackElo "2064"]
[Annotator "TA"]
[PlyCount "159"]
[EventDate "2022.04.18"]
[EventType "tourn"]
[EventCountry "GRE"]
[SourceTitle "playchess.com"]
[Source "ChessBase"]
[SourceQuality "1"]
[TimeControl "40/5400+30:1800+30"]

1. d4 Nf6 2. Bf4 g6 3. Nf3 Bg7 4. e3 O-O 5. Nbd2 d6 6. h3 Nc6 {[%emt 0:01:35] 6...b6 gains popularity.} 7. c3 {[%emt 0:01:48] A48: 1 d4 Nf6 2 Nf3 g6: Torre, London and Colle Systems.} Re8 8. Bb5 Bd7 9. O-O {[%emt 0:01:43] The position is equal.} a6 10. Ba4 {[%emt 0:01:08] [#]} b5 $146 ({Predecessor:} 10... Nd5 11. Bh2 Nb6 12. Bb3 Na5 13. Bc2 e5 14. Re1 f5 15. dxe5 dxe5 16. Nb3 Nc6 {0-1 (59) Razkin Igoa,C (1677)-Pedchenko Bondar,A (1461) Pamplona 2015}) 11. Bc2 e5 12. dxe5 Nxe5 13. a4 Qc8 14. Nxe5 dxe5 15. Bg5 Bc6 {[%emt 0:01:01] Against Qf3} 16. Bxf6 Bxf6 17. Be4 Bxe4 18. Nxe4 Bg7 19. axb5 Qb7 20. Qf3 Qxb5 21. b4 {[%emt 0:02:09] With the idea Ra5.} a5 22. Rfb1 (22. Ng5 Qc4 23. Qe4 (23. bxa5 e4 $15) (23. Rxa5 Rxa5 24. bxa5 e4 $11) 23... Qxe4 24. Nxe4 f5 $11) 22... a4 23. Nc5 Bf8 24. Ne4 Be7 25. Ra3 f5 26. Ng3 $1 Red8 $36 {[%emt 0:09:37][%mdl 2048] Black is pushing.} 27. e4 ({Better is} 27. Rba1 $15) 27... f4 $19 28. Nf1 c5 29. c4 Qxc4 30. b5 Rd4 31. b6 (31. Rc3 $142 Qa2 32. Rcc1) 31... Rb8 (31... Rxe4 $2 32. Nd2 Qd4 33. Nxe4 $18) 32. Qg4 Kf7 (32... Rxe4 33. Nd2 Qc2 34. Qe6+ Kf8 35. Ra2 $11) 33. h4 Qe6 (33... Rxe4 $2 34. Qd7 Qd4 35. Qa7 $19) 34. Qe2 Rxb6 35. Rxb6 Qxb6 36. h5 Qb1 37. hxg6+ hxg6 38. Rh3 $2 (38. Qa6 Qxe4 39. Rh3) 38... Qxe4 $2 (38... Kg7 $19 {and Black stays clearly on top. Threatens to win with ...c4.} 39. Ra3 Rxe4) 39. Rh7+ $2 (39. Qa6 $17 {is the only way for White.} g5 40. Rh8) 39... Kf6 $2 ({Stronger than} 39... Ke6 40. Qa6+ Rd6 41. Qc8+ Rd7 42. Qg8+ Kf5 43. Qf7+ Kg5 44. Qe8 $11) ({Black should try} 39... Kg8 $1 $19 40. Qxe4 Rxe4 41. Rxe7 Re1 42. Re8+ (42. Ra7 $2 e4 $19) 42... Kh7 43. Re7+ Kg8 44. Re8+ (44. Ra7 $2 e4 $19) 44... Kh7 45. Re7+ Kh6) 40. Qa6+ $11 Rd6 41. Qa7 Re6 42. Qb8 $1 {[%emt 0:00:07] Hoping for Qg8.} Kg5 43. Qg8 $1 Qc6 {[%emt 0:00:57] ...c4 is the strong threat.} 44. Qg7 $1 e4 {[%emt 0:01:41] aiming for ...Qd6.} 45. g3 Bd6 46. Rh4 fxg3 (46... Qc7 $11 47. gxf4+ Bxf4 48. Qh6+ Kf5 49. Rxf4+ Qxf4 50. Ne3+ Ke5 51. Nc4+ Kf5 52. Ne3+ Ke5 53. Nc4+ Kf5 54. Ne3+) 47. fxg3 $2 (47. Qh6+ $18 Kf6 48. Qh8+ Kg5 49. Ne3 gxf2+ 50. Kxf2 Rf6+ 51. Kg2 Rf2+ 52. Kxf2) 47... Qc7 (47... Be5 $5 48. Qh6+ Kf6 49. Qf8+ Kg5 50. Qh6+ Kf6 51. Qf8+ Kg5 52. Qh6+ $11) 48. Qh8 {[%emt 0:02:52] White wants to mate with Ne3.} Bxg3 (48... Be5 $5 49. Rg4+ (49. Qh6+ $2 Kf6 $19) 49... Kxg4 50. Qh4+ Kf3 51. Qh1+ Ke2 52. Qxe4+ Kd1 53. Qb1+ Ke2 54. Qe4+ Kd1 55. Qb1+ Ke2 56. Qe4+ $11) 49. Qh6+ Kf5 $2 (49... Kf6 $11 50. Rg4 Qg7 $1 51. Qg5+ Kf7 52. Nxg3 Qe5) 50. Ne3+ $18 Ke5 51. Qh8+ Kd6 {[%emt 0:00:30] [#]} 52. Rh7 Be5 53. Qg8 {[%emt 0:00:48] Dancing on a razor blade.} Qxh7 54. Qxh7 Bd4 55. Kf2 a3 {[%emt 0:01:09] And now ...a2 would win.} 56. Qa7 (56. Ke2 $142) 56... Ke5 $2 (56... Rf6+ {might work better.} 57. Ke2 Rf3 58. Nc4+ Ke6 59. Nxa3 Re3+ 60. Kf1 Rf3+ 61. Kg2 (61. Ke1 Re3+ 62. Kf1 Rf3+ 63. Kg2 Be3 $18) 61... Kf5) 57. Ke2 {[%emt 0:00:30] Black must now prevent Qc7+.} Bxe3 58. Kxe3 {[%emt 0:00:10][%mdl 4096] Endgame KQ-KR} Kd5 59. Qa8+ Kd6 60. Qxa3 Kd5 61. Qb3+ Kd6 62. Qc4 g5 63. Qa6+ Ke7 64. Qa7+ Kd6 65. Qb6+ Ke7 (65... Kd5 $142 66. Qd8+ Rd6) 66. Qxc5+ Kf6 67. Qf8+ (67. Qc8 $142 Kf7 68. Qd7+ Kf6 69. Qh7) 67... Kg6 68. Qg8+ Kf6 69. Qh8+ $2 (69. Qh7 Re8 70. Qh5) 69... Kf7 $2 (69... Kg6 70. Qg8+ Kf6) 70. Qh7+ Kf6 71. Qh6+ (71. Qh3 $142 Re8 72. Qf1+ Kg6 73. Qa6+ Kf5 74. Qb5+ Re5 75. Qf1+ Kg6 76. Qa6+ Kg7 77. Qa1) 71... Kf5 72. Qg7 Ra6 $2 (72... Rf6 73. Qd7+ Kg6 74. Qe8+ Kh6 75. Kxe4 Rf4+ 76. Ke5 Rf2 77. Qc6+ Kh5 78. Qh1+ Kg6 79. Qe4+ Kh5 80. Qh1+ Kg6 81. Qe4+ Kh5 82. Qh1+) 73. Qf7+ $2 (73. Qh7+ Kg4 74. Qxe4+ Kh5 75. Qe8+ Kh6 76. Qf7) 73... Ke5 $2 (73... Rf6 $18 74. Qd7+ Kg6 75. Kxe4 Rf2) 74. Qc7+ $2 (74. Qe7+ {mates} Re6 75. Qxg5+ Kd6 76. Qd8+ Kc5 77. Qc7+ Kd5 78. Qd7+ Ke5 79. Qd4+ Kf5 80. Qg7) 74... Rd6 $2 (74... Kf6 $18 75. Kxe4 Ra4+ 76. Kf3 Ra3+ 77. Ke2 Ra2+ 78. Kd3 Ra3+ 79. Ke4 Ra4+ 80. Kf3 Rf4+ 81. Kg2 Kg6) 75. Qc5+ {[%emt 0:00:11] White mates.} Ke6 76. Kxe4 g4 77. Qf5+ Ke7 78. Ke5 Ra6 79. Qh7+ Kd8 80. Qd3+ {[%emt 0:00:00] What a bad dream for Black.  Weighted Error Value: White=0.36/Black=0.49} 1-0

[Event "8th Fischer Heraklion-GM 2022"]
[Site "Heraklion"]
[Date "2022.04.29"]
[Round "4.1"]
[White "Korneev, Oleg"]
[Black "Samaridis, Konstantinos"]
[Result "1-0"]
[ECO "C77"]
[WhiteElo "2521"]
[BlackElo "2064"]
[Annotator "TA"]
[PlyCount "55"]
[EventDate "2022.04.18"]
[EventType "tourn"]
[EventCountry "GRE"]
[SourceTitle "playchess.com"]
[Source "ChessBase"]
[SourceQuality "1"]
[TimeControl "40/5400+30:1800+30"]

1. e4 e5 2. Nf3 Nc6 3. Bb5 a6 4. Ba4 Nf6 5. d3 d6 6. c3 g6 7. O-O Bg7 8. Re1 O-O {[%emt 0:00:19] C77: Ruy Lopez: 3...a6 4 Ba4 Nf6, unusual lines.} 9. Bg5 h6 10. Bh4 Qe8 {[%emt 0:07:06] The position is equal.} 11. Nbd2 Nd7 12. Nf1 Nc5 (12... Nb6 $11) 13. Bc2 $1 $14 Ne6 {[%emt 0:00:30] Inhibits d4.} 14. Ne3 {[%emt 0:02:05] [#]} Ne7 $146 ({Predecessor:} 14... Bd7 15. Nd5 g5 16. Bg3 Rc8 17. h4 f6 18. Nd2 Nf4 19. Nf1 Nxd5 20. exd5 Ne7 {0-1 (38) Satyapragyan,S (2406)-Abdulla,A (2506) Kolkata 2008}) 15. d4 {[%emt 0:01:42] White is more active.} Nf4 16. Bg3 b5 17. a4 Bd7 (17... Rb8 $14) 18. axb5 $16 Bxb5 19. c4 Bc6 {[%emt 0:00:39] [#]} (19... Bd7 $16 {was called for.}) 20. Nd5 $1 $18 Bxd5 21. exd5 Nh5 22. dxe5 Nxg3 23. hxg3 ({Don't play} 23. fxg3 $6 dxe5 24. Nxe5 Qb8) 23... dxe5 24. Nxe5 {[%emt 0:00:09][%cal Oe5c6] Black must now prevent Nc6!} Qd8 25. b4 Qd6 {[%emt 0:01:48] [#]} 26. c5 $1 Qxd5 {[%emt 0:00:27] [#]} (26... Qd8 27. Qf3 Qxd5) 27. Nxg6 $1 fxg6 (27... Qxd1 28. Nxe7+) 28. Bb3 {[%emt 0:00:21] Weighted Error Value: White=0.03 (flawless) /Black=0.30} ({Less strong is} 28. Rxe7 Qd4 29. Rc1 Qxf2+ 30. Kh2 Rae8 31. Rxe8 (31. Rxc7 Re5 $11) 31... Rxe8 $18) 1-0

[Event "8th Fischer Heraklion-GM 2022"]
[Site "Heraklion"]
[Date "2022.04.29"]
[Round "4.2"]
[White "Jahncke, Giso"]
[Black "Vaishali R"]
[Result "0-1"]
[ECO "E01"]
[WhiteElo "2326"]
[BlackElo "2411"]
[Annotator "TA"]
[PlyCount "110"]
[EventDate "2022.04.18"]
[EventType "tourn"]
[EventCountry "GRE"]
[SourceTitle "playchess.com"]
[Source "ChessBase"]
[SourceQuality "1"]
[TimeControl "40/5400+30:1800+30"]

1. d4 Nf6 2. c4 e6 3. g3 d5 4. Bg2 dxc4 5. Nf3 c6 6. a4 Bb4+ 7. Nc3 a5 8. O-O Nbd7 9. Qc2 O-O 10. e4 {[%emt 0:00:23] E01: Catalan: Early deviations.} e5 11. dxe5 Ng4 12. e6 {[%emt 0:01:10] Black has an edge.} fxe6 {[%emt 0:09:09][%cal Bf7e6,Be6e5][%mdl 32] [#]} 13. Bf4 $146 (13. Qe2 $11 {keeps the balance.}) ({Predecessor:} 13. Qe2 Nde5 14. Nxe5 Nxe5 15. f4 Nd3 16. e5 Rb8 17. Be3 b5 18. Ne4 Be7 19. Qc2 {½-½ (51) Martin Sanchez,C (2445)-Romm,M (2457) ICCF email 2015}) 13... e5 $17 14. Bg5 {[%emt 0:01:34] [#]} Qe8 (14... Be7 $1 $17 15. Bxe7 Qxe7) 15. h3 $11 Ngf6 (15... h6 {is more complex.} 16. Na2 Bd6 17. Rfd1 Bc7) 16. Na2 $1 Qe6 17. Be3 h6 18. Nxb4 axb4 19. a5 b3 20. Qb1 c5 21. Nd2 b5 22. axb6 $1 Rxa1 23. Qxa1 Bb7 $1 (23... c3 24. bxc3 Bb7 25. Qa4 $16) 24. Qc1 Nxb6 25. Bxc5 Rc8 26. Bb4 (26. Bxb6 $5 Qxb6 27. Qc3 $14 (27. Nxc4 $2 Qb4 $19)) 26... Na4 27. Bc3 ({White should try} 27. Re1 $11) 27... Nc5 (27... Nxc3 28. Qxc3 Kh7 29. Ra1 $14) (27... Ba6 $15 {should be considered.}) 28. Qb1 (28. Qe1 $1 $11) 28... Rd8 {[%emt 0:00:35][%cal Od8d2,Bc8d8,Bd8d4,Bd4d3,Bd3g3][%mdl 32] Black is much more active.} 29. Re1 $1 Na4 30. Ba5 Rd4 $36 {[%emt 0:01:58][%mdl 2048] Strongly threatening ...Qa6. White is under pressure.} 31. Re2 $2 {[%emt 0:05:28] Now White is beyond hope.} (31. Qc1 $11 {and White is okay.}) 31... Qd6 $19 32. Qc1 Ba6 ({Inferior is} 32... Qc5 33. Bc3 Rd3 34. Bxe5) 33. Bc3 $2 (33. Bf1) 33... Rd3 34. Bf1 ({Of course not} 34. Ba5 Qc5 35. Bc3 Nxc3 36. bxc3 Rxg3 $19) 34... Nxc3 35. bxc3 Qb6 36. Qb2 (36. Kg2 $142 b2 37. Qb1 Rxc3 38. Nxc4 Bxc4 39. Rxb2 Bxf1+ 40. Kxf1) 36... Rxg3+ 37. Kh2 Rd3 {[%emt 0:00:38] White must now prevent ...Nh5.} 38. f4 (38. f3 $142 Rd7 39. Rg2) 38... Qa5 39. Nxb3 cxb3 40. Qxb3+ Kh7 41. Ra2 {[%emt 0:01:48] [#]} Qc5 42. Qe6 (42. Bxd3 Bxd3) 42... Bc8 43. Qxe5 Rxc3 $2 (43... Qe3 {( -> ...Qg3+)} 44. Bxd3 Qxh3+ 45. Kg1 Qxd3) 44. Qxc5 Rxc5 45. e5 Nd5 46. Bd3+ Kg8 47. Ra8 Kf7 ({And not} 47... Nxf4 48. Ba6 $17) 48. f5 (48. Ra4 $142) 48... Ne7 49. f6 gxf6 50. exf6 Kxf6 51. Ra3 Kg5 52. Kg3 Nf5+ 53. Bxf5 $2 (53. Kg2) 53... Bxf5 {[%emt 0:00:04] Black is clearly winning.} 54. h4+ Kh5 55. Rf3 Rd5 {[%emt 0:00:14] Weighted Error Value: White=0.69/Black=0.27 (precise)} 0-1

[Event "8th Fischer Heraklion-GM 2022"]
[Site "Heraklion"]
[Date "2022.04.29"]
[Round "4.3"]
[White "Milikow, Yoav"]
[Black "Kapnisis, Spyridon"]
[Result "1/2-1/2"]
[ECO "D35"]
[WhiteElo "2383"]
[BlackElo "2450"]
[Annotator "TA"]
[PlyCount "117"]
[EventDate "2022.04.18"]
[EventType "tourn"]
[EventCountry "GRE"]
[SourceTitle "playchess.com"]
[Source "ChessBase"]
[SourceQuality "1"]
[TimeControl "40/5400+30:1800+30"]

1. d4 d5 2. c4 e6 3. Nc3 Nf6 4. cxd5 exd5 5. Bg5 c6 6. e3 Bd6 7. Bd3 O-O 8. Nge2 {[%emt 0:05:02] D35: Queen's Gambit Declined: Exchange Variation.} Re8 9. Qc2 {[%emt 0:05:17][%cal Od3h7] next Bxh7+! is good for White.} h6 10. Bf4 {[%emt 0:00:29] The position is equal.} Bf8 11. h3 {[%emt 0:01:20] [#]} b6 $146 ({Predecessor:} 11... a5 12. O-O Na6 13. a3 Nc7 14. Rae1 Ne6 15. Bh2 Ng5 16. Kh1 Bd7 17. Ng1 Rc8 {1-0 (62) Bluebaum,M (2647)-Zwirs,N (2453) Chess.com INT 2020}) 12. O-O Ba6 13. Nc1 Bxd3 14. Nxd3 Nbd7 15. b4 Rc8 16. Qa4 a5 17. a3 c5 18. dxc5 bxc5 19. bxa5 Ra8 20. a6 Qb6 {[%emt 0:07:47] [#]} ({Better is} 20... Re6) 21. Nxd5 $1 $11 Nxd5 22. Qxd7 Red8 23. Qb7 {[%emt 0:00:36] Strongly threatening Ne5.} Rxa6 24. Qxb6 Nxb6 25. Ne5 c4 26. Rfc1 Rc8 27. a4 c3 (27... f6 $11 {might be stronger.} 28. Ng6 Nxa4) 28. a5 $14 Nd5 29. Nd3 Nb4 30. Nxb4 Bxb4 31. Kf1 (31. Ra4 $14 {was preferrable.} Rc4 32. Be5) 31... Rxa5 (31... Rc5 $11) 32. Rxa5 Bxa5 $11 {[%emt 0:00:03][%mdl 4096] Endgame KRB-KRB} 33. Be5 $1 c2 34. Ke2 {[%emt 0:00:13] Prevents Bd2.} Bb4 35. Kd3 f5 36. Rxc2 Rxc2 37. Kxc2 $16 {[%emt 0:00:05] Threatens to win with Kb3. KB-KB} Kf7 38. Kd3 g6 39. Kc4 Be1 40. f3 Ke6 41. Bg7 h5 42. e4 Bg3 43. Bd4 Bf4 44. Kd3 Bc7 45. Ke3 Bd6 46. f4 fxe4 47. Kxe4 Bb4 48. g4 hxg4 49. hxg4 Be7 50. Bg7 Kf7 51. Bh6 {[%emt 0:00:18] Inhibits g5.} (51. Bh8 $14) 51... Ke6 52. Bg5 Bb4 (52... Bxg5 $11 53. fxg5 Kd6) 53. Kd4 {[%emt 0:00:19] White is slightly better.} Bd6 54. Kc4 Kf7 55. Kd5 Bb4 56. Bd8 Bd2 57. Bc7 $1 Bc1 58. Be5 Ba3 59. Kc6 {[%emt 0:00:20] Weighted Error Value: White=0.07 (flawless) /Black=0.11 (very precise)} (59. Ke4 $14) 1/2-1/2

[Event "8th Fischer Heraklion-GM 2022"]
[Site "Heraklion"]
[Date "2022.04.29"]
[Round "4.4"]
[White "Mitsis, Georgios"]
[Black "Materia, Marco"]
[Result "1/2-1/2"]
[ECO "E06"]
[WhiteElo "2344"]
[BlackElo "2398"]
[Annotator "TA"]
[PlyCount "108"]
[EventDate "2022.04.18"]
[EventType "tourn"]
[EventCountry "GRE"]
[SourceTitle "playchess.com"]
[Source "ChessBase"]
[SourceQuality "1"]
[TimeControl "40/5400+30:1800+30"]

1. d4 Nf6 2. c4 e6 3. Nf3 d5 4. g3 Be7 5. Bg2 O-O 6. O-O c6 7. Qc2 b6 8. Nbd2 Bb7 9. e4 Na6 10. a3 $1 {[%emt 0:03:46] 10.a3 is better than 10.e5. E06: Closed Catalan: Early deviations.} c5 11. cxd5 exd5 12. exd5 (12. e5 $5 Ne4 13. Rd1 $11) 12... Rc8 13. dxc5 Nxc5 14. b4 {[%emt 0:03:41] [#]} Ne6 {[%emt 0:11:11] [#]} 15. Qb3 $146 (15. Qf5 g6) ({Predecessor:} 15. Qa4 Bxd5 16. Bb2 Qc7 17. Rfc1 {½-½ (17) Roussel Roozmon,T (2463)-Sambuev,B (2503) Longueuil 2019}) 15... Bxd5 16. Qd3 Bb7 ({Better is} 16... Qc7 $17 17. Qb1 Qb7) 17. Qxd8 $11 Rfxd8 18. Bb2 (18. Re1 $1 $11) 18... Rc2 $17 19. Rab1 Rcxd2 20. Nxd2 Bxg2 21. Kxg2 {[%emt 0:00:08] Threatens to win with Nf3.} Rxd2 22. Rfd1 Ne4 (22... Rxd1 $17 23. Rxd1 a5 24. bxa5 bxa5) 23. Rxd2 $11 Nxd2 24. Rc1 f6 {[%emt 0:16:10] The position is equal.} 25. Rc8+ Kf7 26. Bc1 Nb3 27. Be3 a5 28. Rb8 $1 axb4 29. axb4 Nc7 (29... Bxb4 $2 30. Rxb6 Bd2 31. Rxb3 Bxe3 32. Rxe3 $18) 30. Rb7 Nd5 31. Bxb6 Nxb4 32. Be3 ({But not} 32. Bd8 Nc6 $1 33. Bxe7 Nba5 $15) 32... Ke6 33. Rb6+ Kf7 34. Rb7 h6 35. h3 g5 36. g4 Ke6 37. h4 Bd6 38. Rh7 Bf8 39. Rb7 Na5 40. Rb8 ({Much worse is} 40. Rb6+ Bd6 41. Bc5 Nbc6 42. Bxd6 Kxd6 $15) 40... Be7 41. Rh8 Nc4 42. Rxh6 Nxe3+ 43. fxe3 Bf8 44. hxg5 Bxh6 45. gxh6 {[%emt 0:00:06][%mdl 4096] Endgame White threatens h7 and mate. KN-K3P} Kf7 46. Kf3 Kg6 47. Ke4 Nc6 48. h7 Kxh7 {[%emt 0:00:18] KN-KPP} (48... Kg7 {with more complications.} 49. Kf5 Ne7+ 50. Ke6 Ng6) 49. Kf5 Kg7 50. g5 Ne7+ 51. Kg4 (51. Ke6 {[#]} fxg5 $1 52. Ke5 Kg6 53. Ke4 Nc6 54. Kd3 Ne5+ 55. Ke2 Kh5 56. Kf1 Kh4 57. Kg2 g4 58. Kg1 Kh3 59. Kf2 g3+ 60. Kg1 g2 61. Kf2 Kh2 62. Ke1 g1=Q+ 63. Kd2 Qg2+ 64. Kc3 Qe4 65. Kb2 Qd3 66. Ka2 Nc4 67. Ka1 Qc3+ 68. Kb1 Qb2#) 51... f5+ 52. Kf4 $1 Kg6 {[%emt 0:00:31] ( -> ...Nd5+)} 53. e4 {[%emt 0:00:06] Inhibits Nd5+.} fxe4 54. Kxe4 Kxg5 {[%emt 0:00:02] Weighted Error Value: White=0.04 (flawless) /Black=0.07 (flawless)} 1/2-1/2